 Dungeon Crawl Stone Soup version 0.28.0-45-g0d030f2227 (webtiles) character file.

Game seed: 1354777246042427809

702 zeratav the Insei (level 7, -2/46 HPs)
             Began as an Octopode Transmuter on Apr 13, 2022.
             Was an Initiate of Ashenzari.
             Slain by Edmund
             ... wielding a +2 flail of protection
              (8 damage)
             ... on level 4 of the Dungeon.
             The game lasted 00:08:39 (5150 turns).

zeratav the Insei (Octopode Transmuter)             Turns: 5150, Time: 00:08:40

Health: -2/46      AC:  2    Str: 10    XL:     7   Next: 66%
Magic:  4/10       EV: 21    Int: 15    God:    Ashenzari [......]
Gold:   183        SH:  0    Dex: 19    Spells: 6/10 levels left

rFire   . . .      SeeInvis .     - Unarmed
rCold   . . .      Faith    .   (shield currently unavailable)
rNeg    . . .      Spirit   .   (helmet currently unavailable)
rPois   x          Reflect  .   (no amulet)
rElec   .          Harm     .   (no ring)
rCorr   .          Rampage  .   (no ring)
Will    .....                   (no ring)
Stlth   +++.......              (no ring)
HPRegen 0.15/turn               (no ring)
MPRegen 0.12/turn               (no ring)
                                (no ring)
                                (no ring)

@: spider-form (expiring)
A: venomous fangs, almost no armour, (amphibious), 8 rings, tiny, (camouflage
1), (gelatinous body 1), (nimble swimmer 1), (tentacles)
a: End Transformation, Renounce Religion


You were on level 4 of the Dungeon.
You worshipped Ashenzari.
Ashenzari was noncommittal.
You were a venomous arachnid creature.
You visited 1 branch of the dungeon, and saw 4 of its levels.
You also visited: Sewer.

You collected 183 gold pieces.


Innate Abilities, Weirdness & Mutations

You are a venomous arachnid creature.
You have poisonous fangs.
You are tiny and dextrous.
Your spellcasting is less reliable in this form.
Your armour is entirely melded.
You are incapable of wielding weapons or throwing items.
You cannot wear most types of armour.
((You are amphibious.))
You can wear up to eight rings at the same time.
((Your skin changes colour to match your surroundings (Stealth+).))
((Your rubbery body absorbs attacks. (AC +1, EV +1)))
((You are camouflaged when in or above water. (Stealth+)))
((You have tentacles for arms and can constrict up to eight enemies at once.))


   Skills:
 + Level 3.6 Fighting
 + Level 4.0 Dodging
 + Level 4.9 Stealth
 * Level 6.0 Unarmed Combat
 - Level 2.0 Spellcasting
 - Level 2.0 Transmutations


You had 6 spell levels left.
You knew the following spells:

 Your Spells              Type           Power      Damage    Failure   Level
a - Beastly Appendage     Tmut           14%        N/A       24%         1
b - Spider Form           Tmut/Pois      4%         N/A       63%         3

Your spell library contained the following spells:

 Spells                   Type           Power      Damage    Failure   Level
 Wereblood                Tmut           7%         N/A       32%         2
 Pain                     Necr           4%         1d4       43%         1
 Static Discharge         Conj/Air       1%         N/A       54%         2
 Gell's Gravitas          Tloc           1%         N/A       75%         3
 Teleport Other           Tloc           1%         N/A       75%         3
 Ice Form                 Ice/Tmut       4%         N/A       93%         4
 Dispel Undead            Necr           1%         3d6       98%         4
 Sticky Flame             Conj/Fire      1%         2d3       98%         4
 Blade Hands              Tmut           3%         N/A       99%         5
 Agony                    Necr           1%         N/A       100%        5
 Excruciating Wounds      Necr           0%         N/A       100%        5
 Dispersal                Tloc           0%         N/A       100%        6
 Iron Shot                Conj/Erth      0%         9d1       100%        6
 Animate Armour           Summ/Erth      Unusable   N/A       N/A         4

Inventory:

Hand Weapons
 l - a +4 dagger of freezing (melded) {short}
   (You took it off a wight on level 3 of the Dungeon)
Missiles
 n - 4 curare-tipped darts (quivered) {=fthrowing}
Armour
 e - a +0 kite shield
   (You found it on level 1 of the Dungeon)
Wands
 o - a wand of polymorph (4)
   (You found it in a sewer)
Scrolls
 a - a scroll of enchant weapon {unknown}
 b - 6 scrolls of identify {unknown}
 c - 2 scrolls of blinking {unknown}
 d - a scroll of torment {unknown}
 f - a scroll of summoning {unknown}
 g - a scroll of amnesia {unknown}
 j - a scroll of teleportation {unknown}
 k - a scroll of fear {unknown}
 p - a scroll of fog {unknown}
 q - a scroll of vulnerability {unknown}
Potions
 h - a potion of brilliance {unknown}
 i - a potion of mutation {unknown}
 m - a potion of magic {unknown}
 r - a potion of degeneration {unknown}

Dungeon Overview and Level Annotations

Branches:
Dungeon (4/15)             Temple (0/1) D:4           Sewer (visited)

Altars:
Ashenzari
Gozag
Okawaru
The Shining One

Shops:
D:2 *

Annotations:
D:2 Sigmund
D:4 Edmund

#.# #.# #..# ### #.# #.#
#..# #.. ..#####†####..#
#.# #.#.......##..# #.#
#.............# #.#
###.###.#.###.# #.## #
##.#.###.#####..
...#####.##...............
#..............@s........#
##.#####.##.##.###.#######
##.## # #.##.###.# #...##
##.##.#...#
.###.###.##.##.#.### .#
#..<.....##...
.###)###......... #...##
#..####. ##.## ..# #.


You could see Edmund (extremely poisoned).


Message History

You tentacle-slap the adder, but do no damage.
Your squeeze misses the adder. You constrict the adder.
You feel sick. The adder barely misses you. The adder bites you.
HP[-4]
You take 4 damage, and now have 40/46 hp.
You hit the adder. You freeze the adder.
You kill the adder!
You feel sick.
HP[-1]
You take 1 damage, and now have 39/46 hp.
You feel sick.
You see here an adder corpse.
HP[-1]
You take 1 damage, and now have 38/46 hp.
You feel sick.
HP[-1]
You take 1 damage, and now have 37/46 hp.
You feel sick.
HP[-1]
You take 1 damage, and now have 36/46 hp.
You feel sick.
HP[-1]
You take 1 damage, and now have 35/46 hp.
You feel sick.
You are no longer poisoned.
You see here a grey potion.
r - a grey potion HP[+1]
The ball python closely misses you. x2
You closely miss the ball python. You grab the ball python.
You squeeze the ball python.
You kill the ball python!
An adder comes into view.
You see here 10 gold pieces.
HP[+1]
The helpless adder fails to defend itself.
You impale the adder!!
The adder seems to slow down.
You freeze the adder.
You kill the adder!
Your Unarmed Combat skill increases to level 6!
You now have 183 gold pieces (gained 10).
You start resting.
Edmund the Younger comes into view.
He is wielding a +2 flail of protection.
HP[+7]
You regained 7 hp, and now have 44/46 hp.
Casting: Spider Form (quite dangerous; 41% risk of failure)
Confirm with . or Enter, or press ? or * to list all spells.
The spell is quite dangerous to miscast (41% risk of failure)!
Continue anyway?
You miscast Spider Form.
You are very lightly contaminated with residual magic.
Nothing appears to happen.
MP[-3]
You lost 3 mp, and now have 7/10 mp.
Casting: Spider Form (quite dangerous; 41% risk of failure)
Confirm with . or Enter, or press ? or * to list all spells.
The spell is quite dangerous to miscast (41% risk of failure)!
Continue anyway?
You miscast Spider Form.
You feel rather nauseous for a moment!
You are poisoned.
You feel sick.
HP[-12] MP[-3]
You take 12 damage, and now have 32/46 hp.
MASSIVE DAMAGE!! (PAUSE)
You lost 3 mp, and now have 4/10 mp.
You start resting.
You feel sick. x4
You are no longer poisoned.
Edmund is nearby!
HP[-2] MP[+1]
You take 2 damage, and now have 30/46 hp.
MP[+1] HP[+1]
Casting: Spider Form (quite dangerous; 41% risk of failure)
Confirm with . or Enter, or press ? or * to list all spells.
The spell is quite dangerous to miscast (41% risk of failure)!
Continue anyway?
You turn into a venomous arachnid creature.
Your +4 dagger of freezing {short} melds into your body.
Your +4 dagger of freezing {short} stops glowing.
MP[-3]
You lost 3 mp, and now have 3/10 mp.
Your transformation is almost over.
Edmund shouts!
Your magical contamination has completely faded away.
Edmund completely misses you.
You hit Edmund but do no damage. Edmund closely misses you.
You hit Edmund.
Edmund is poisoned.
HP[+1] MP[+1]
You barely miss Edmund. Edmund closely misses you.
You hit Edmund but do no damage.
Edmund looks as sick as possible!
Edmund hits you with a +2 flail of protection!
* * * LOW HITPOINT WARNING * * *
HP[-13]
You take 13 damage, and now have 19/46 hp.
MASSIVE DAMAGE!! (PAUSE)
You hit Edmund but do no damage.
Edmund looks as sick as possible!
Edmund hits you with a +2 flail of protection!
* * * LOW HITPOINT WARNING * * *
HP[-13]
You take 13 damage, and now have 6/46 hp.
MASSIVE DAMAGE!! (PAUSE)
You barely miss Edmund.
Edmund hits you with a +2 flail of protection!
You die...

Skill      XL: |  1  2  3  4  5  6  7 |
---------------+----------------------+-----
Stealth        | 1 2 3 4 |  4.9
Unarmed Combat | 4 5 6 |  6.0
Fighting       | 2 3 |  3.6
Dodging        | 3 4 |  4.0
Spellcasting   | |  2.0
Transmutations | |  2.0

Action                   |  1- 3 |  4- 6 |  7- 9 || total
-------------------------+-------+-------+-------++-------
Melee: Unarmed           |    51 |    96 |    28 ||   175
       Constrict         |    18 |    34 |     5 ||    57
       Kick              |    16 |    21 |       ||    37
       Tentacles         |    11 |    34 |     3 ||    48
       Punch             |     2 |     7 |     3 ||    12
       Dagger            |       |    45 |    23 ||    68
Throw: Dart              |       |       |     4 ||     4
 Cast: Beastly Appendage |    15 |    22 |       ||    37
       Spider Form       |       |     1 |     3 ||     4
 Stab: Sleeping          |     4 |     8 |     3 ||    15
Armor: Skin              |    10 |    10 |     3 ||    23
Dodge: Dodged            |    33 |    80 |    47 ||   160

Levels and vault maps discovered:
D:1:      ncdulo_smallfort, layout_basic, serial_bayou_lagoon_a,
          chequers_serial_rivers_large_a, hangedman_decor_points
D:2:      minmay_roachtagon, layout_basic, serial_shops, shop, hex_large,
          uniq_sigmund, uniq_natasha
D:3:      layout_loops_ring, gammafunk_temple_overflow_claw,
          guppyfry_early_orc_mine
D:4:      corexii_shack_village, layout_loops_ring, kennysheep_okawaru_gauntlet,
          minmay_temple_entry_butterflies, portal_sewer_entry_e, uniq_edmund,
          uniq_duvessa

Notes
Turn   | Place    | Note
-------+----------+-------------------------------------------
     0 | D:1      | zeratav the Octopode Transmuter began the quest for the
                  | Orb.
     0 | D:1      | Reached XP level 1. HP: 13/13 MP: 3/3
     0 | D:1      | magus.rc [v1.9.6]
   135 | D:1      | You pick up a book of Pain and begin reading...
   135 | D:1      | You add the spells Pain, Agony and Excruciating Wounds to
                  | your library.
   274 | D:1      | Reached XP level 2. HP: 18/18 MP: 3/5
   283 | D:1      | Reached skill level 1 in Stealth
  1209 | D:2      | Noticed Natasha
  1216 | D:2      | Killed Natasha
  1217 | D:2      | Reached XP level 3. HP: 23/23 MP: 6/6
  1243 | D:2      | Noticed Sigmund
  1376 | D:2      | Found Plog's Assorted Antiques.
  1556 | D:2      | Noticed Natasha
  1563 | D:2      | Killed Natasha
  1564 | D:2      | Reached skill level 2 in Stealth
  1564 | D:2      | Reached XP level 4. HP: 22/29 MP: 5/7
  1720 | D:2      | Reached skill level 4 in Unarmed Combat
  1728 | D:2      | Reached skill level 2 in Fighting
  1890 | D:2      | You add the spells Gell's Gravitas, Teleport Other and
                  | Dispersal to your library.
  1899 | D:2      | Noticed Natasha
  1904 | D:2      | Killed Natasha
  1905 | D:2      | Reached XP level 5. HP: 25/34 MP: 6/8
  2558 | D:3      | You pick up a book of Touch and begin reading...
  2558 | D:3      | You add the spells Static Discharge, Sticky Flame and
                  | Dispel Undead to your library.
  3263 | D:3      | Reached skill level 3 in Dodging
  3263 | D:3      | Reached skill level 3 in Stealth
  3267 | D:3      | Reached XP level 6. HP: 23/41 MP: 9/9
  3269 | D:3      | HP: 6/39 [wight/+0 spear (12)]
  3269 | D:3      | HP: 2/37 [wight/+0 spear (4)]
  3584 | D:3      | Found a glowing golden altar of the Shining One.
  3584 | D:3      | Found an opulent altar of Gozag.
  3584 | D:3      | Found a broken altar of Ashenzari.
  3629 | D:3      | Became a worshipper of Ashenzari the Shackled
  3994 | D:4      | Reached skill level 3 in Fighting
  3994 | D:4      | Reached skill level 5 in Unarmed Combat
  4007 | D:4      | Learned a level 3 spell: Spider Form
  4012 | D:4      | Reached skill level 4 in Stealth
  4018 | D:4      | Noticed Duvessa
  4018 | D:4      | Noticed Dowan
  4153 | D:4      | HP: 8/42 [worm (4)]
  4401 | D:4      | Found a glowing drain.
  4409 | Sewer    | Entered a sewer
  4463 | Sewer    | Reached XP level 7. HP: 46/46 MP: 10/10
  4498 | Sewer    | Noticed Pargi
  4510 | Sewer    | Killed Pargi
  4619 | Sewer    | You pick up a book of Iron and begin reading...
  4619 | Sewer    | You add the spells Blade Hands and Iron Shot to your
                  | library.
  4663 | D:4      | Found a staircase to the Ecumenical Temple.
  4698 | D:4      | Killed Duvessa
  4699 | D:4      | Found an iron altar of Okawaru.
  4707 | D:4      | Killed Dowan
  4708 | D:4      | Reached skill level 4 in Dodging
  5075 | D:4      | Reached skill level 6 in Unarmed Combat
  5120 | D:4      | Noticed Edmund
  5149 | D:4      | HP: 6/46 [Edmund/+2 flail of protection (13)]
  5150 | D:4      | Slain by Edmund

Vanquished Creatures
  Pargi (Sewer)
  Duvessa (D:4)
  An ogre (D:4)
  Dowan (D:4)
  3 wights (D:3)
  Natasha (thrice) (D:2)
  An orc wizard (D:4)
  4 adders
  4 worms
  A dart slug (D:1)
  10 orcs
  10 ball pythons
  4 endoplasms
  15 giant cockroaches
  9 goblins
  5 hobgoblins
  3 quokkas
  7 bats
  2 frilled lizards
  8 kobolds
  7 rats
100 creatures vanquished.

Vanquished Creatures (others)
  3 plants (D:4)
3 creatures vanquished.

Grand Total: 103 creatures vanquished

Table legend:
 A = Non-vault XP
 B = Vault XP
 C = Vault XP percentage of total XP
 D = Non-vault monster count
 E = Vault monster count
 F = Vault count percentage of total count
                 A         B        C        D         E       F
            +---------+---------+-------+---------+---------+-------
      Total |     552 |     451 |  45.0 |      65 |      35 |  35.0
            +---------+---------+-------+---------+---------+-------
        D:1 |      21 |       0 |   0.0 |      11 |       0 |   0.0
        D:2 |     113 |      51 |  31.1 |      23 |      10 |  30.3
        D:3 |     216 |      16 |   6.9 |      16 |       7 |  30.4
        D:4 |     202 |     238 |  54.1 |      15 |      12 |  44.4
      Sewer |       0 |     146 | 100.0 |       0 |       6 | 100.0
            +---------+---------+-------+---------+---------+-------

Illustrated notes

Table legend:
 A = Kills in this place as a percentage of kills in entire the game.
 B = Kills by you in this place as a percentage of kills by you in the entire game.
 C = Kills by friends in this place as a percentage of kills by friends in the entire game.
 D = Other kills in this place as a percentage of other kills in the entire game.
 E = Experience gained in this place as a percentage of experience gained in the entire game.
 F = Experience gained in this place divided by the number of levels of this place that you have seen.
                   A       B       C       D       E      F
               +-------+-------+-------+-------+-------+----------------------
         Total | 100.0 | 100.0 |   N/A |   N/A | 100.0 | 200.6
       Dungeon |  94.0 |  94.0 |   N/A |   N/A |  85.4 | 214.2
         Sewer |   6.0 |   6.0 |   N/A |   N/A |  14.6 | 146.0
               +-------+-------+-------+-------+-------+----------------------

Table legend: (Time is in decaauts)
 A = Elapsed time spent in this place.
 B = Non-inter-level travel time spent in this place.
 C = Inter-level travel time spent in this place.
 D = Time resting spent in this place.
 E = Time spent auto-exploring this place.
 F = Levels seen in this place.
 G = Mean time per level.
                   A        B        C        D        E       F      G
               +--------+--------+--------+--------+--------+-----+--------+
         Total |   5136 |   4942 |    194 |   1287 |   2763 |   5 | 1027.2 |
       Dungeon |   4911 |   4717 |    194 |   1188 |   2763 |   4 | 1227.8 |
         Sewer |    225 |    225 |      0 |     99 |      0 |   1 |  225.0 |
               +--------+--------+--------+--------+--------+-----+--------+

Top non-repeatable levels by time:
     D:2: 1701 daAuts
     D:1: 1176 daAuts
     D:3: 1084 daAuts
     D:4: 949 daAuts
   Sewer: 225 daAuts
